 Dungeon Crawl Stone Soup version 0.19.1 (webtiles) character file.

192 JeffiDaFish the Shield-Bearer (level 5, 0/33 HPs)
             Began as a Gargoyle Fighter on Dec 11, 2016.
             Slain by a river rat (3 damage)
             ... summoned by Eustachio
             ... on level 4 of the Dungeon.
             The game lasted 00:05:13 (2430 turns).

JeffiDaFish the Shield-Bearer (Gargoyle Fighter)    Turns: 2430, Time: 00:05:14

Health: 0/33       AC: 13    Str: 19 (20) XL:     5   Next: 71%
Magic:  5/5        EV:  5    Int:  8      God:
Gold:   158        SH:  9    Dex:  8 (10) Spells: 0 memorised, 4 levels left

rFire  . . .     SeeInvis .     a - +0 flail
rCold  . . .     Gourm    .     p - +0 chain mail
rNeg   + . .     Faith    .     c - +0 shield
rPois  ∞         Spirit   .     (no helmet)
rElec  +         Reflect  .     (no cloak)
rCorr  .         Harm     .     (no gloves)
MR     .....     Clarity  +     (no boots)
Stlth  ..........               (no amulet)
                                (no ring)
                                (no ring)

@: flying
A: big wings, clarity, mutation resistance 1, negative energy resistance 1,
electricity resistance, unbreathing, petrification resistance, rot immunity, AC
+4
a: Stop Flying


You were on level 4 of the Dungeon.
You were not hungry.

You visited 1 branch of the dungeon, and saw 4 of its levels.

You collected 158 gold pieces.

Inventory:

Hand Weapons
 a - a +0 flail (weapon)
Armour
 c - a +0 shield (worn)
 p - a +0 chain mail (worn)
Wands
 i - a wand of digging (5/24)
Scrolls
 b - a scroll of magic mapping
 k - 5 scrolls of identify
 m - a scroll of recharging
 o - a scroll of remove curse
 q - a scroll of amnesia
Potions
 d - a potion of might
 h - a potion of haste
 l - a potion of resistance
Comestibles
 f - 2 bread rations
 g - 13 chunks of flesh
 j - 2 beef jerkies
 n - a slice of pizza


   Skills:
 + Level 3.8 Fighting
 + Level 3.9 Maces & Flails
 + Level 3.7 Armour
 + Level 1.0 Dodging
 + Level 4.6 Shields


You had 4 spell levels left.
You didn't know any spells.

Dungeon Overview and Level Annotations

Branches:
Dungeon (4/15)
 Temple: D:4-7

Altars:

Annotations:
D:4 Eustachio


Innate Abilities, Weirdness & Mutations

You are resistant to torment.
Your stone body is resilient. (AC +4)
You are immune to poison.
You resist negative energy. (rN+)
You are resistant to electric shocks. (rElec)
You can survive without breathing.
You are immune to petrification.
You are immune to rotting.
Your large and strong wings let you fly indefinitely.
You possess an exceptional clarity of mind.
You are somewhat resistant to further mutation.


Message History

The bat barely misses you.
The river rat bites you but does no damage.
Eustachio hits you but does no damage.
You hit Eustachio.
Eustachio is severely wounded.
The river rat bites you.
* * * LOW HITPOINT WARNING * * *
You block the bat's attack. Eustachio barely misses you.
You block the river rat's attack. The bat barely misses you.
Unknown command.
You closely miss Eustachio.
Eustachio is severely wounded.
The bat barely misses you. The bat hits you but does no damage.
Eustachio hits you but does no damage. The river rat barely misses you.
Eustachio hits you but does no damage.
You closely miss Eustachio.
Eustachio is severely wounded.
The bat hits you but does no damage. You block the bat's attack.
The river rat bites you.
You die...

### #.# #.# #.# ### #.# #.#
#.. ##.# #.# #.# ...###.####
#.#
.#.#......########.######
........................#
####[........####r#.....##.#
####......##.#5@@b..........
..........##.#r##b#.....##.#
######.......# #.#..........
###.....# ...............
#.....#.#######'##### #.#
########..#..#.# #.# #.#
..........#....# #.# #.##
#######......#.# +.+ #...
##........# #.# #...


You could see Eustachio, a quasit, 2 river rats and 2 bats.

Vanquished Creatures
  A howler monkey (D:4)
  6 adders
  2 oozes
  2 worms
  2 dart slugs (D:1)
  2 leopard geckos
  6 orcs (D:4)
  2 ball pythons
  3 giant cockroaches
  9 goblins
  8 hobgoblins
  2 jackals (D:3)
  5 bats
  9 frilled lizards
  8 kobolds
  13 rats
80 creatures vanquished.

Notes
Turn   | Place    | Note
-------+----------+-------------------------------------------
     0 | D:1      | JeffiDaFish the Gargoyle Fighter began the quest for the Orb.
     0 | D:1      | Reached XP level 1. HP: 14/14 MP: 1/1
   219 | D:1      | Reached XP level 2. HP: 19/19 MP: 2/2
   557 | D:1      | Reached XP level 3. HP: 22/23 MP: 3/3
  1201 | D:2      | Reached XP level 4. HP: 19/28 MP: 4/4
  1638 | D:3      | Reached skill level 4 in Shields
  1703 | D:3      | Reached XP level 5. HP: 24/33 MP: 5/5
  1706 | D:3      | Found a faded altar of an unknown god.
  2137 | D:4      | Gained mutation: Your large and strong wings let you fly indefinitely. [potion of mutation]
  2137 | D:4      | Gained mutation: You are somewhat resistant to further mutation. [potion of mutation]
  2137 | D:4      | Gained mutation: You possess an exceptional clarity of mind. [potion of mutation]
  2243 | D:4      | Reached skill level 1 in Dodging
  2380 | D:4      | Noticed Eustachio
  2430 | D:4      | Slain by a river rat

Skill      XL: |  1  2  3  4  5 |
---------------+----------------+-----
Maces & Flails | 3 |  3.9
Shields        | 4 |  4.6
Dodging        | 1 |  1.0
Fighting       | |  3.8
Armour         | |  3.7

Action                   |  1- 3 |  4- 6 || total
-------------------------+-------+-------++-------
Melee: Flail             |   133 |   195 ||   328
 Abil: Fly               |       |     1 ||     1
  Use: Potion            |     5 |     7 ||    12
       Scroll            |     4 |     2 ||     6
  Eat: Chunk             |     1 |     5 ||     6
Armor: Scale mail        |    63 |    12 ||    75
       Chain mail        |       |   179 ||   179
Dodge: Dodged            |    42 |    85 ||   127
Block: Shield            |    58 |   146 ||   204
